[Event "Catalan Youth-ch 2020"]
[Site "Salou"]
[Date "2020.09.05"]
[Round "1.1"]
[White "Broadbent Brun, Jensen"]
[Black "Bernado Lopez, Roger"]
[Result "0-1"]
[ECO "E30"]
[WhiteElo "1550"]
[BlackElo "2155"]
[Annotator "ChessBase"]
[PlyCount "37"]
[EventDate "2020.09.07"]
[EventType "swiss"]
[EventCountry "ESP"]
[SourceTitle "playchess.com"]
[Source "ChessBase"]
[SourceQuality "1"]
[TimeControl "5400+30"]

1. d4 Nf6 2. c4 e6 3. Nc3 Bb4 4. Bg5 c5 5. a3 Bxc3+ 6. bxc3 Qa5 7. Bd2 O-O 8. Nf3 Nc6 9. d5 Ne7 10. Qc2 d6 11. e4 e5 12. Bg5 Ng6 13. Bd3 Nxe4 14. Bxe4 f5 15. O-O fxe4 16. Qxe4 Bf5 17. Qe3 h6 18. Bh4 e4 19. Bg3 0-1

[Event "Catalan Youth-ch 2020"]
[Site "Salou"]
[Date "2020.09.05"]
[Round "1.2"]
[White "Castillo Dalmau, Albert"]
[Black "Roa Ribera, Alvaro"]
[Result "1-0"]
[ECO "D10"]
[WhiteElo "2204"]
[BlackElo "1826"]
[Annotator "ChessBase"]
[PlyCount "105"]
[EventDate "2020.09.07"]
[EventType "swiss"]
[EventCountry "ESP"]
[SourceTitle "playchess.com"]
[Source "ChessBase"]
[SourceQuality "1"]
[TimeControl "5400+30"]

1. d4 d5 2. c4 c6 3. cxd5 cxd5 4. Bf4 Nf6 5. e3 Qb6 6. Nc3 Qxb2 7. Bb5+ Nc6 8. Nge2 e6 9. O-O Qa3 10. Rb1 Qa5 11. Qc2 Qd8 12. Na4 Be7 13. Nc5 O-O 14. Nxb7 Bxb7 15. Bxc6 Bxc6 16. Qxc6 Qa5 17. Bc7 Qxa2 18. Nf4 Qc4 19. Qb7 Rfc8 20. Rfc1 Qa2 21. Nd3 Bf8 22. Be5 Rxc1+ 23. Rxc1 Re8 24. Bxf6 gxf6 25. Nf4 Qa3 26. Qc6 Rb8 27. g3 Qd6 28. Qa4 a6 29. Rc6 Qa3 30. Qxa3 Bxa3 31. Rxa6 Be7 32. g4 Kg7 33. Ra7 Kf8 34. Kg2 Rc8 35. Nh5 Bd8 36. Rb7 Be7 37. h3 Bd8 38. f4 Be7 39. Kf3 Bd8 40. f5 e5 41. Rd7 exd4 42. exd4 Rc5 43. Kg2 Rc3 44. Rxd5 Ke7 45. Nxf6 Bc7 46. Ne4 Re3 47. Rc5 Bf4 48. Nc3 Rg3+ 49. Kf2 Bd6 50. Nd5+ Kd7 51. Nb6+ Ke8 52. Rc6 Bf4 53. Rc8+ 1-0

[Event "Catalan Youth-ch 2020"]
[Site "Salou"]
[Date "2020.09.05"]
[Round "1.2"]
[White "Ano Pla, Gerard"]
[Black "Sierra Magrazo, Lidia"]
[Result "1-0"]
[ECO "D90"]
[WhiteElo "1993"]
[BlackElo "1491"]
[Annotator "ChessBase"]
[PlyCount "119"]
[EventDate "2020.09.07"]
[EventType "swiss"]
[EventCountry "ESP"]
[SourceTitle "playchess.com"]
[Source "ChessBase"]
[SourceQuality "1"]
[TimeControl "5400+30"]

1. d4 Nf6 2. c4 g6 3. Nc3 d5 4. cxd5 Nxd5 5. Bd2 Bg7 6. e4 Nxc3 7. Bxc3 O-O 8. Nf3 c5 9. d5 Bxc3+ 10. bxc3 e6 11. c4 exd5 12. exd5 Re8+ 13. Be2 Qe7 14. Kf1 Nd7 15. Qd2 Nf6 16. Re1 Bd7 17. h4 Rad8 18. g3 a6 19. Kg2 h5 20. Bd3 Qf8 21. Qg5 Nh7 22. Qf4 Kg7 23. Ne5 Nf6 24. Qg5 Nh7 25. Qd2 Qd6 26. Qb2 Kg8 27. Nxd7 Qxd7 28. Qb6 Kg7 29. Qxc5 Nf6 30. Qd4 Qd6 31. a4 b5 32. axb5 axb5 33. Rxe8 Rxe8 34. cxb5 Qxd5+ 35. Qxd5 Nxd5 36. Rc1 Rb8 37. Rc5 Nb6 38. Rc6 Rb7 39. Be4 Rb8 40. Rc7 Nc8 41. Rb7 Rxb7 42. Bxb7 Nb6 43. Kf3 Kf6 44. Ke4 Ke6 45. f4 f5+ 46. Kd4 Kd6 47. Bc6 Ke6 48. Be8 Kf6 49. Kc5 Na4+ 50. Kc6 Kg7 51. b6 Nxb6 52. Kxb6 Kh6 53. Kc6 Kg7 54. Kd6 Kf6 55. Bxg6 Kxg6 56. Ke6 Kg7 57. Kxf5 Kh6 58. Ke6 Kg6 59. f5+ Kg7 60. Ke7 1-0

[Event "Catalan Youth-ch 2020"]
[Site "Salou"]
[Date "2020.09.05"]
[Round "1.3"]
[White "Cros Garcia, Marc"]
[Black "Sole Pijuan, Ferran"]
[Result "0-1"]
[ECO "C50"]
[WhiteElo "1777"]
[BlackElo "2127"]
[Annotator "ChessBase"]
[PlyCount "80"]
[EventDate "2020.09.07"]
[EventType "swiss"]
[EventCountry "ESP"]
[SourceTitle "playchess.com"]
[Source "ChessBase"]
[SourceQuality "1"]
[TimeControl "5400+30"]

1. e4 e5 2. Nf3 Nc6 3. Bc4 Nf6 4. d3 Bc5 5. O-O d6 6. a4 a6 7. c3 Ba7 8. a5 h6 9. Be3 O-O 10. h3 d5 11. exd5 Nxd5 12. Bxa7 Rxa7 13. Re1 Nf4 14. Kh2 Qf6 15. Ng1 Rd8 16. Qf3 Bf5 17. d4 Bxb1 18. Raxb1 exd4 19. g3 Ng6 20. Qxf6 gxf6 21. cxd4 Rxd4 22. Re8+ Kg7 23. Ba2 Nxa5 24. Nf3 Ra4 25. Bd5 c6 26. Be4 Ne5 27. b4 Nxf3+ 28. Bxf3 Nc4 29. Bh5 b5 30. Rd1 Rxb4 31. Rdd8 f5 32. f4 Rb2+ 33. Kh1 Kf6 34. Rh8 Re7 35. Rd1 Kg7 36. Rc8 a5 37. Rxc6 a4 38. g4 Ree2 39. gxf5 Rh2+ 40. Kg1 Rbg2+ 0-1

[Event "Catalan Youth-ch 2020"]
[Site "Salou"]
[Date "2020.09.05"]
[Round "1.3"]
[White "Chiva Perez, Ferran"]
[Black "Garcia Caro, Juan Alberto"]
[Result "0-1"]
[ECO "D06"]
[WhiteElo "1484"]
[BlackElo "1933"]
[Annotator "ChessBase"]
[PlyCount "37"]
[EventDate "2020.09.07"]
[EventType "swiss"]
[EventCountry "ESP"]
[SourceTitle "playchess.com"]
[Source "ChessBase"]
[SourceQuality "1"]
[TimeControl "5400+30"]

1. c4 e6 2. Nc3 d5 3. cxd5 exd5 4. d4 Bf5 5. Qb3 Nc6 6. Nxd5 Be4 7. Ne3 Bb4+ 8. Bd2 Bxd2+ 9. Kxd2 Nxd4 10. Qa4+ b5 11. Qa6 Nf3+ 12. Kc3 Qd2+ 13. Kb3 Nd4+ 14. Ka3 b4+ 15. Ka4 Bc6+ 16. Qxc6+ Nxc6 17. Rd1 Qxb2 18. Kb5 Nge7 19. Nc4 0-1

[Event "Catalan Youth-ch 2020"]
[Site "Salou"]
[Date "2020.09.05"]
[Round "1.4"]
[White "Saguillo Gonzalez, Oriol"]
[Black "Norberto Gonzalez, Oriol"]
[Result "1-0"]
[ECO "B51"]
[WhiteElo "2124"]
[BlackElo "1768"]
[Annotator "ChessBase"]
[PlyCount "67"]
[EventDate "2020.09.07"]
[EventType "swiss"]
[EventCountry "ESP"]
[SourceTitle "playchess.com"]
[Source "ChessBase"]
[SourceQuality "1"]
[TimeControl "5400+30"]

1. e4 c5 2. Nf3 Nc6 3. Bb5 d6 4. O-O Nf6 5. Re1 Bd7 6. Bf1 g6 7. c3 Bg7 8. d4 cxd4 9. cxd4 O-O 10. Nc3 e5 11. d5 Ne7 12. b3 a6 13. a4 Nh5 14. Nd2 f5 15. Ba3 Be8 16. Nc4 Nc8 17. a5 f4 18. f3 Rf7 19. Qd2 Bf8 20. Qf2 Rg7 21. g4 fxg3 22. hxg3 Qg5 23. Kh2 Rf7 24. Bh3 Qh6 25. Kg2 Bd7 26. Be6 Bxe6 27. dxe6 Rg7 28. Rad1 Qg5 29. Nd5 Nf4+ 30. Nxf4 exf4 31. Rd5 Qf6 32. Bb2 Qxe6 33. Bxg7 Bxg7 34. gxf4 1-0

[Event "Catalan Youth-ch 2020"]
[Site "Salou"]
[Date "2020.09.05"]
[Round "1.4"]
[White "Salinas Tomas, Daniel"]
[Black "Tabuenca Munuera, Gerard"]
[Result "1-0"]
[ECO "C48"]
[WhiteElo "1979"]
[BlackElo "1221"]
[Annotator "ChessBase"]
[PlyCount "77"]
[EventDate "2020.09.07"]
[EventType "swiss"]
[EventCountry "ESP"]
[SourceTitle "playchess.com"]
[Source "ChessBase"]
[SourceQuality "1"]
[TimeControl "5400+30"]

1. e4 e5 2. Nf3 Nc6 3. Nc3 Nf6 4. Bb5 a6 5. Bxc6 dxc6 6. Nxe5 Qd4 7. Nf3 Qd8 8. h3 Bb4 9. O-O O-O 10. d3 h6 11. Ne2 c5 12. Ng3 Be6 13. Be3 Re8 14. a3 Ba5 15. Bxc5 b6 16. Be3 c5 17. c3 c4 18. Nd4 Rc8 19. Nxe6 Rxe6 20. dxc4 b5 21. Qxd8+ Rxd8 22. cxb5 axb5 23. Rfd1 Nxe4 24. Nxe4 Rxe4 25. Rxd8+ Bxd8 26. Rd1 Bf6 27. Rd5 g5 28. Rxb5 Be5 29. Kf1 f5 30. Rb4 Rxb4 31. axb4 Kf7 32. f4 gxf4 33. Bd4 Bxd4 34. cxd4 Ke6 35. Ke2 f3+ 36. Kxf3 Kd5 37. b5 Ke6 38. b6 Kd7 39. d5 1-0

[Event "Catalan Youth-ch 2020"]
[Site "Salou"]
[Date "2020.09.05"]
[Round "1.5"]
[White "Martin Barcelo, Carles"]
[Black "Mangues Rubia, Alex"]
[Result "1-0"]
[ECO "B31"]
[WhiteElo "2202"]
[BlackElo "1738"]
[Annotator "ChessBase"]
[PlyCount "107"]
[EventDate "2020.09.07"]
[EventType "swiss"]
[EventCountry "ESP"]
[SourceTitle "playchess.com"]
[Source "ChessBase"]
[SourceQuality "1"]
[TimeControl "5400+30"]

1. e4 c5 2. Nf3 Nc6 3. Bb5 g6 4. Bxc6 dxc6 5. d3 Bg7 6. h3 Qc7 7. O-O e5 8. a4 a5 9. Be3 b6 10. Nbd2 Ne7 11. Nh2 f5 12. exf5 Nxf5 13. Ne4 Nxe3 14. fxe3 Bf5 15. Ng5 Qe7 16. Ne4 O-O-O 17. Qe2 c4 18. Nf3 cxd3 19. cxd3 Qb4 20. Rfc1 Kb7 21. Rc4 Qe7 22. Rac1 Rc8 23. Qc2 c5 24. Nfd2 Bh6 25. Re1 Rhd8 26. Rc3 Qh4 27. Nf3 Qe7 28. Ned2 Bg7 29. e4 Be6 30. Nc4 Bg8 31. Rb3 Bxc4 32. Qxc4 Ka7 33. Rf1 Rf8 34. Qb5 Qc7 35. Re1 Rfe8 36. Nd2 Rb8 37. Nc4 Rec8 38. Na3 Qe7 39. Qc4 Rb7 40. Nb5+ Kb8 41. Nc3 Qd8 42. Nd5 Rc6 43. Rf1 Bh8 44. Rf3 Bg7 45. Rc3 Ka7 46. Rc1 Rd6 47. Rcf1 Rbd7 48. Nc3 Rxd3 49. Rxd3 Rxd3 50. Rf7+ Rd7 51. Qd5 Rxf7 52. Qxd8 Rf8 53. Nb5+ Ka6 54. Qd7 1-0

[Event "Catalan Youth-ch 2020"]
[Site "Salou"]
[Date "2020.09.05"]
[Round "1.5"]
[White "Bosch Garcia, Ivan"]
[Black "Domene Mulyukov, Alexander"]
[Result "0-1"]
[ECO "B44"]
[WhiteElo "1210"]
[BlackElo "1931"]
[Annotator "ChessBase"]
[PlyCount "56"]
[EventDate "2020.09.07"]
[EventType "swiss"]
[EventCountry "ESP"]
[SourceTitle "playchess.com"]
[Source "ChessBase"]
[SourceQuality "1"]
[TimeControl "5400+30"]

1. e4 c5 2. Nf3 e6 3. d4 cxd4 4. Nxd4 Nf6 5. Bd3 Nc6 6. Be3 d5 7. Bb5 Bd7 8. exd5 Nxd5 9. O-O Be7 10. c3 O-O 11. Qd3 Nxe3 12. fxe3 a6 13. Ba4 Nxd4 14. Bxd7 Nc6 15. Rd1 Ne5 16. Qd2 Bc5 17. Kh1 Ng4 18. Re1 Bxe3 19. Qe2 Nf2+ 20. Kg1 Nd3+ 21. Qxe3 Nxe1 22. Qxe1 Qxd7 23. Nd2 Rfd8 24. Ne4 Qb5 25. Qg3 Qd3 26. Qf4 Rd5 27. g4 f5 28. Rf1 Qxe4 0-1

[Event "Catalan Youth-ch 2020"]
[Site "Salou"]
[Date "2020.09.05"]
[Round "1.6"]
[White "Muntal Corrales, Arnau"]
[Black "Vives Pararols, Arnau"]
[Result "1-0"]
[ECO "E81"]
[WhiteElo "1812"]
[BlackElo "1208"]
[Annotator "NA"]
[PlyCount "133"]
[EventDate "2020.09.07"]
[EventType "swiss"]
[EventCountry "ESP"]
[SourceTitle "playchess.com"]
[Source "ChessBase"]
[SourceQuality "1"]
[TimeControl "5400+30"]

1. d4 Nf6 2. c4 g6 3. Nc3 Bg7 4. e4 d6 5. f3 O-O 6. Be3 Nbd7 7. Nge2 Nb6 8. b3 Nbd7 9. Qd2 b6 10. g4 c5 11. h4 h5 12. O-O-O Bb7 13. Bh3 e6 14. gxh5 Nxh5 15. Bg4 Ndf6 16. d5 exd5 17. exd5 Bc8 18. Bg5 Qe8 19. Rde1 Nxg4 20. Nf4 Ne5 21. Nxh5 gxh5 22. f4 Nf3 23. Rxe8 Nxd2 24. Rxf8+ Kxf8 25. Kxd2 f6 26. Ne4 fxg5 27. hxg5 Bg4 28. Nxd6 Rd8 29. Ne4 Bf3 30. Re1 Bxe4 31. Rxe4 Kf7 32. f5 Rh8 33. Rh4 Bf6 34. gxf6 Kxf6 35. Rf4 h4 36. Ke3 h3 37. Rf1 h2 38. Rh1 Kxf5 39. Kf3 Ke5 40. Kg3 Rg8+ 41. Kxh2 Rh8+ 42. Kg2 Rxh1 43. Kxh1 a6 44. Kg2 b5 45. Kf3 Kf5 46. Ke2 Kf6 47. Kf3 Kf5 48. Kg3 Ke5 49. Kg4 b4 50. Kg5 a5 51. Kg6 Kd6 52. Kf6 Kd7 53. Ke5 Ke7 54. d6+ Kd7 55. Kd5 Kd8 56. Kxc5 Kd7 57. Kb6 Kxd6 58. c5+ Kd5 59. c6 Kd4 60. c7 Kc3 61. Kxa5 Kb2 62. Kxb4 Kxa2 63. c8=Q Kb2 64. Qc3+ Ka2 65. Qd2+ Kb1 66. Ka3 Ka1 67. Qc1# 1-0

[Event "Catalan Youth-ch 2020"]
[Site "Salou"]
[Date "2020.09.05"]
[Round "1.6"]
[White "Pujol Biosca, Joan"]
[Black "Prats Safont, Sergi"]
[Result "1-0"]
[ECO "B06"]
[WhiteElo "1697"]
[BlackElo "2103"]
[Annotator "ChessBase"]
[PlyCount "89"]
[EventDate "2020.09.07"]
[EventType "swiss"]
[EventCountry "ESP"]
[SourceTitle "playchess.com"]
[Source "ChessBase"]
[SourceQuality "1"]
[TimeControl "5400+30"]

1. e4 d6 2. d4 g6 3. f4 Bg7 4. Nf3 a6 5. Be2 b5 6. c3 Bb7 7. Nbd2 Nd7 8. O-O Ngf6 9. Bd3 O-O 10. b3 c5 11. Bb2 Qb6 12. Kh1 e5 13. fxe5 dxe5 14. d5 Nh5 15. Qc2 Rae8 16. c4 b4 17. Rae1 Bc8 18. Ng1 Ndf6 19. Ndf3 Ng4 20. Nh4 Qd8 21. g3 Bh6 22. Ng2 f5 23. exf5 gxf5 24. Bxf5 Bxf5 25. Rxf5 Rxf5 26. Qxf5 Qd7 27. Nh4 Qxf5 28. Nxf5 Bg5 29. Nf3 Rf8 30. Nxg5 Rxf5 31. Ne4 Ng7 32. Kg2 Kf8 33. h3 Nh6 34. Nxc5 Nf7 35. Nxa6 Ke7 36. Nxb4 Rg5 37. h4 Rh5 38. a4 Kd6 39. a5 Ne8 40. Nd3 Nc7 41. Kf3 Rf5+ 42. Kg2 Rh5 43. b4 Na6 44. b5 Nc5 45. Ba3 1-0

[Event "Catalan Youth-ch 2020"]
[Site "Salou"]
[Date "2020.09.05"]
[Round "1.7"]
[White "Travesset Sagre, Jan"]
[Black "Insa Pujolar, Marti"]
[Result "1/2-1/2"]
[ECO "B12"]
[WhiteElo "2093"]
[BlackElo "1672"]
[Annotator "ChessBase"]
[PlyCount "277"]
[EventDate "2020.09.07"]
[EventType "swiss"]
[EventCountry "ESP"]
[SourceTitle "playchess.com"]
[Source "ChessBase"]
[SourceQuality "1"]
[TimeControl "5400+30"]

1. e4 c6 2. d4 d5 3. e5 c5 4. dxc5 e6 5. Be3 Nh6 6. Nf3 Nf5 7. Bd4 Bd7 8. c3 Nc6 9. Bd3 Nfxd4 10. cxd4 b6 11. cxb6 Qxb6 12. O-O Nxd4 13. Nxd4 Qxd4 14. Nc3 Bc5 15. Bb5 Bxb5 16. Nxb5 Qxd1 17. Rfxd1 Kd7 18. Nc3 Rhc8 19. Na4 Be7 20. Rd2 Rc4 21. Nc3 Bb4 22. Rd3 Rac8 23. Nd1 Re4 24. Re3 Rc2 25. Rxe4 dxe4 26. Rb1 Bc5 27. Ne3 Bxe3 28. fxe3 Ke7 29. Kf1 Rc5 30. Re1 Rxe5 31. Rc1 Kd7 32. Rc4 Rb5 33. b4 f5 34. a4 Rb7 35. Rd4+ Ke7 36. Rc4 Kd6 37. Rd4+ Ke5 38. Rc4 g5 39. g3 h5 40. b5 Kd5 41. Rc8 Rb6 42. Ra8 Rb7 43. Rc8 a6 44. bxa6 Ra7 45. Rd8+ Ke5 46. Rb8 Rxa6 47. Rb5+ Kd6 48. a5 Rc6 49. Rb8 Rc1+ 50. Kf2 Rc2+ 51. Kg1 Ra2 52. Rb6+ Kd5 53. a6 h4 54. gxh4 gxh4 55. h3 Ra5 56. Kf1 Ke5 57. Kf2 Ra2+ 58. Kf1 Ra1+ 59. Kf2 Ra2+ 60. Kf1 Ra5 61. Kf2 f4 62. exf4+ Kxf4 63. Rxe6 Ra2+ 64. Kf1 Ke3 65. Rb6 Ra3 66. Rh6 Ra1+ 67. Kg2 Ra2+ 68. Kf1 Kf3 69. Rf6+ Kg3 70. Rg6+ Kf3 71. Rf6+ Ke3 72. Rh6 Ra1+ 73. Kg2 Kd3 74. Rd6+ Ke2 75. Re6 e3 76. Rd6 Ra2 77. Re6 Ra5 78. Rd6 Rg5+ 79. Kh2 Rg7 80. Rb6 Kf2 81. Rf6+ Ke1 82. Rb6 Ra7 83. Kg2 e2 84. Rb1+ Kd2 85. Rb2+ Kd1 86. Rb1+ Kc2 87. Ra1 Rxa6 88. Rxa6 e1=Q 89. Ra2+ Kd3 90. Ra3+ Ke4 91. Ra4+ Kf5 92. Rg4 Qe2+ 93. Kh1 Qf2 94. Rg5+ Ke4 95. Rg4+ Kd3 96. Rg1 Ke3 97. Rg4 Qe2 98. Rg1 Kf3 99. Rg4 Qe6 100. Kh2 Qd6+ 101. Kh1 Qd1+ 102. Kh2 Qc2+ 103. Kh1 Qc1+ 104. Kh2 Qb2+ 105. Kh1 Qb1+ 106. Kh2 Qb7 107. Kg1 Qc7 108. Kh1 Qc5 109. Kh2 Kf2 110. Rf4+ Ke3 111. Rg4 Kf3 112. Kh1 Kf2 113. Rg2+ Kf1 114. Rg4 Qd5+ 115. Kh2 Qe5+ 116. Kh1 Qe3 117. Kh2 Qf3 118. Rg1+ Ke2 119. Rg2+ Ke3 120. Rg4 Qf1 121. Re4+ Kd3 122. Rd4+ Kc3 123. Rg4 Qf3 124. Rg1 Kd2 125. Rg4 Ke2 126. Rg1 Qf4+ 127. Kh1 Qe4+ 128. Kh2 Qe5+ 129. Kh1 Kf3 130. Rg4 Qd6 131. Rg1 Qe6 132. Kh2 Qe4 133. Rf1+ Ke2 134. Rg1 Qf4+ 135. Kh1 Qf3+ 136. Kh2 Qd5 137. Rg2+ Kf1 138. Rf2+ Ke1 139. Ra2 1/2-1/2

[Event "Catalan Youth-ch 2020"]
[Site "Salou"]
[Date "2020.09.05"]
[Round "1.8"]
[White "Higueras Ruiz, Blai"]
[Black "Roca Planas, Edgar"]
[Result "0-1"]
[ECO "D13"]
[WhiteElo "1643"]
[BlackElo "2059"]
[Annotator "ChessBase"]
[PlyCount "86"]
[EventDate "2020.09.07"]
[EventType "swiss"]
[EventCountry "ESP"]
[SourceTitle "playchess.com"]
[Source "ChessBase"]
[SourceQuality "1"]
[TimeControl "5400+30"]

1. Nf3 Nf6 2. c4 c6 3. Nc3 d5 4. cxd5 cxd5 5. d4 Nc6 6. g3 Bf5 7. Bg2 e6 8. Bf4 Qb6 9. Na4 Qa5+ 10. Bd2 Bb4 11. Bc3 Ne4 12. Rc1 Nxc3 13. Nxc3 Qxa2 14. Qd2 Qb3 15. O-O h6 16. Kh1 Bh7 17. e3 O-O 18. Qe2 a6 19. Qd1 Qxb2 20. Na4 Qa3 21. Ra1 Qd3 22. Qxd3 Bxd3 23. Rfd1 Bc2 24. Rdc1 Bxa4 25. Rxa4 b5 26. Raa1 Rfc8 27. Rab1 Bd6 28. Bf1 Rab8 29. Rc2 Nb4 30. Rcb2 Nc2 31. Bd3 Na3 32. Ra1 Rb6 33. Rba2 Rc3 34. Bf1 b4 35. Nd2 a5 36. Rb2 Nc4 37. Nxc4 dxc4 38. Rxa5 Rc1 39. Kg2 b3 40. Ra4 c3 41. Rb1 Rxb1 42. Bd3 c2 43. Ra8+ Bf8 0-1

[Event "Catalan Youth-ch 2020"]
[Site "Salou"]
[Date "2020.09.06"]
[Round "2.1"]
[White "Bernado Lopez, Roger"]
[Black "Gardner, Leo"]
[Result "1-0"]
[ECO "B96"]
[WhiteElo "2155"]
[BlackElo "1641"]
[Annotator "ChessBase"]
[PlyCount "111"]
[EventDate "2020.09.07"]
[EventType "swiss"]
[EventCountry "ESP"]
[SourceTitle "playchess.com"]
[Source "ChessBase"]
[SourceQuality "1"]
[TimeControl "5400+30"]

1. e4 c5 2. Nf3 d6 3. d4 cxd4 4. Nxd4 Nf6 5. Nc3 a6 6. Bg5 Nbd7 7. Qe2 e6 8. f4 Qc7 9. O-O-O Be7 10. g4 b5 11. a3 Bb7 12. Bh4 O-O-O 13. g5 Ne8 14. Bg3 Nb6 15. h4 d5 16. exd5 Nxd5 17. Nxd5 Bxd5 18. Bg2 Bxg2 19. Qxg2 Rd5 20. Nb3 Qb7 21. Rxd5 Qxd5 22. Qxd5 exd5 23. Nd4 Nd6 24. f5 Ne4 25. Bf4 Kd7 26. Nf3 Bd6 27. Be5 f6 28. Bxd6 Nxd6 29. Nd4 Ne4 30. Rg1 fxg5 31. hxg5 Rf8 32. g6 h6 33. Ne6 Rxf5 34. Nxg7 Rg5 35. Rxg5 hxg5 36. Nf5 Nf6 37. g7 Ng8 38. Ne3 Ke6 39. Kd2 d4 40. Nf1 Kf5 41. Kd3 Ke5 42. Nh2 Kf4 43. Kxd4 g4 44. Nxg4 Kxg4 45. Kc5 Kg5 46. Kb6 Kg6 47. Kxa6 Kxg7 48. Kxb5 Kf7 49. a4 Ne7 50. a5 Nc8 51. a6 Ke7 52. Kc6 Kd8 53. Kb7 Nd6+ 54. Kb8 Nc4 55. a7 Nb6 56. a8=Q 1-0

[Event "Catalan Youth-ch 2020"]
[Site "Salou"]
[Date "2020.09.06"]
[Round "2.2"]
[White "Dominguez Estruch, Eduard"]
[Black "Castillo Dalmau, Albert"]
[Result "0-1"]
[ECO "E22"]
[WhiteElo "1949"]
[BlackElo "2204"]
[Annotator "ChessBase"]
[PlyCount "78"]
[EventDate "2020.09.07"]
[EventType "swiss"]
[EventCountry "ESP"]
[SourceTitle "playchess.com"]
[Source "ChessBase"]
[SourceQuality "1"]
[TimeControl "5400+30"]

1. d4 Nf6 2. c4 e6 3. Nc3 Bb4 4. Qc2 Bxc3+ 5. Qxc3 d6 6. f3 Nc6 7. e4 e5 8. Ne2 a5 9. Be3 O-O 10. O-O-O Qe7 11. d5 Nb8 12. g4 c6 13. dxc6 bxc6 14. h4 c5 15. h5 Nc6 16. g5 Ne8 17. Bh3 Nd4 18. Qd3 Be6 19. Bxe6 fxe6 20. Nxd4 exd4 21. Bd2 e5 22. Rdf1 Nc7 23. Rhg1 Ne6 24. Rg4 a4 25. Qa3 Qe8 26. Rh4 Qe7 27. Rg4 Ra7 28. Rf2 Qd7 29. Rf1 Rb7 30. Rf2 Rfb8 31. Be1 Nf4 32. Rh2 Qf7 33. Rc2 Qxh5 34. Rh4 Qxg5 35. Rch2 Nd3+ 36. Kd1 Qc1+ 37. Ke2 Qe3+ 38. Kf1 Qxe1+ 39. Kg2 Rxb2+ 0-1

[Event "Catalan Youth-ch 2020"]
[Site "Salou"]
[Date "2020.09.06"]
[Round "2.2"]
[White "Moles Benali, Joan"]
[Black "Ano Pla, Gerard"]
[Result "0-1"]
[ECO "E11"]
[WhiteElo "1677"]
[BlackElo "1993"]
[Annotator "ChessBase"]
[PlyCount "100"]
[EventDate "2020.09.07"]
[EventType "swiss"]
[EventCountry "ESP"]
[SourceTitle "playchess.com"]
[Source "ChessBase"]
[SourceQuality "1"]
[TimeControl "5400+30"]

1. d4 Nf6 2. Nf3 e6 3. g3 d5 4. c4 Bb4+ 5. Bd2 Be7 6. Bg2 O-O 7. b3 c6 8. O-O Nbd7 9. Nc3 b6 10. Rc1 Bb7 11. Bg5 Rc8 12. Qd2 c5 13. cxd5 Nxd5 14. Bxe7 Qxe7 15. Nxd5 exd5 16. e3 Rfd8 17. Rfd1 Nf6 18. Ne5 Ne4 19. Qb2 f6 20. Nd3 Rc7 21. h3 Rdc8 22. dxc5 bxc5 23. Nf4 Rd8 24. a3 Rcd7 25. b4 c4 26. Qd4 Qe5 27. Qxe5 fxe5 28. Ne6 Re8 29. Bxe4 Rxe6 30. Bf5 Rde7 31. Bxe6+ Rxe6 32. e4 d4 33. Rxc4 Bxe4 34. Rc8+ Kf7 35. Rc7+ Kf6 36. Rxa7 Bf3 37. Rc1 Rd6 38. Rc2 d3 39. Rd2 Rc6 40. g4 e4 41. b5 Rc1+ 42. Kh2 g5 43. Ra6+ Ke5 44. b6 Rh1+ 45. Kg3 Rg1+ 46. Kh2 Rg2+ 47. Kh1 Rxf2+ 48. Kg1 Rxd2 49. Ra5+ Kf4 50. b7 Rd1+ 0-1

[Event "Catalan Youth-ch 2020"]
[Site "Salou"]
[Date "2020.09.06"]
[Round "2.3"]
[White "Sole Pijuan, Ferran"]
[Black "Estruch Andreu, Guim"]
[Result "1-0"]
[ECO "E73"]
[WhiteElo "2127"]
[BlackElo "1968"]
[Annotator "ChessBase"]
[PlyCount "66"]
[EventDate "2020.09.07"]
[EventType "swiss"]
[EventCountry "ESP"]
[SourceTitle "playchess.com"]
[Source "ChessBase"]
[SourceQuality "1"]
[TimeControl "5400+30"]

1. d4 Nf6 2. c4 g6 3. Nc3 Bg7 4. e4 d6 5. Be2 O-O 6. Bg5 h6 7. Be3 e5 8. d5 a5 9. h4 Na6 10. Qd2 Nc5 11. f3 Kh7 12. g4 Ng8 13. O-O-O Bd7 14. Nh3 Na4 15. Nxa4 Bxa4 16. Rdg1 Bd7 17. Bd3 Qe7 18. Ng5+ Kh8 19. h5 b5 20. cxb5 a4 21. hxg6 fxg6 22. Rg2 Rf4 23. Bxf4 exf4 24. Ne6 Bxe6 25. dxe6 Qxe6 26. a3 g5 27. Kb1 Nf6 28. Rc1 Nd7 29. Bc4 Qe5 30. Qd5 Qxd5 31. Bxd5 Ra7 32. Rc6 Nc5 33. b6 cxb6 1-0

[Event "Catalan Youth-ch 2020"]
[Site "Salou"]
[Date "2020.09.06"]
[Round "2.3"]
[White "Garcia Caro, Juan Alberto"]
[Black "Alcon Llosada, Jaume"]
[Result "1-0"]
[ECO "B19"]
[WhiteElo "1933"]
[BlackElo "1611"]
[Annotator "ChessBase"]
[PlyCount "49"]
[EventDate "2020.09.07"]
[EventType "swiss"]
[EventCountry "ESP"]
[SourceTitle "playchess.com"]
[Source "ChessBase"]
[SourceQuality "1"]
[TimeControl "5400+30"]

1. e4 c6 2. d4 d5 3. Nd2 dxe4 4. Nxe4 Bf5 5. Ng3 Bg6 6. h4 h6 7. Nf3 Nd7 8. h5 Bh7 9. Bd3 Bxd3 10. Qxd3 e6 11. Bd2 Ngf6 12. O-O-O Be7 13. Kb1 Qb6 14. Ne5 Nxe5 15. dxe5 Nd5 16. c4 Nb4 17. Bxb4 Bxb4 18. Qd7+ Kf8 19. Ne4 Ba3 20. Rd2 Be7 21. Rhd1 Rh7 22. Rd3 Rd8 23. Qxd8+ Bxd8 24. Rxd8+ Ke7 25. R1d7# 1-0

[Event "Catalan Youth-ch 2020"]
[Site "Salou"]
[Date "2020.09.06"]
[Round "2.4"]
[White "De Santiago Gordo, Abel"]
[Black "Saguillo Gonzalez, Oriol"]
[Result "0-1"]
[ECO "E20"]
[WhiteElo "1761"]
[BlackElo "2124"]
[Annotator "ChessBase"]
[PlyCount "58"]
[EventDate "2020.09.07"]
[EventType "swiss"]
[EventCountry "ESP"]
[SourceTitle "playchess.com"]
[Source "ChessBase"]
[SourceQuality "1"]
[TimeControl "5400+30"]

1. d4 Nf6 2. c4 e6 3. Nc3 Bb4 4. f3 c5 5. d5 O-O 6. e4 b5 7. e5 Ne8 8. f4 exd5 9. cxd5 d6 10. Nf3 Bb7 11. Bxb5 dxe5 12. fxe5 Nc7 13. Bc4 Nxd5 14. O-O Nxc3 15. bxc3 Qxd1 16. Rxd1 Bxc3 17. Rb1 Bxf3 18. gxf3 Nc6 19. e6 fxe6 20. Bxe6+ Kh8 21. Bd5 Rad8 22. Kg2 Nb4 23. Bb3 Rxd1 24. Bxd1 Nxa2 25. Bg5 Bb4 26. Bb3 Nc3 27. Rc1 a5 28. Be7 Rc8 29. f4 c4 0-1

[Event "Catalan Youth-ch 2020"]
[Site "Salou"]
[Date "2020.09.06"]
[Round "2.4"]
[White "Compte Auge, Lluis"]
[Black "Salinas Tomas, Daniel"]
[Result "0-1"]
[ECO "C50"]
[WhiteElo "1429"]
[BlackElo "1979"]
[Annotator "ChessBase"]
[PlyCount "40"]
[EventDate "2020.09.07"]
[EventType "swiss"]
[EventCountry "ESP"]
[SourceTitle "playchess.com"]
[Source "ChessBase"]
[SourceQuality "1"]
[TimeControl "5400+30"]

1. e4 e5 2. Nf3 Nc6 3. Bc4 g6 4. d3 Bg7 5. Be3 Na5 6. Qd2 Nxc4 7. dxc4 d6 8. h3 Be6 9. Na3 Nf6 10. O-O Nxe4 11. Qb4 b6 12. Rfe1 Nc5 13. Bxc5 bxc5 14. Qb7 O-O 15. b3 Rb8 16. Qe4 f5 17. Qe3 e4 18. Rad1 Bd7 19. Nd2 Bc6 20. f3 Bd4 0-1

[Event "Catalan Youth-ch 2020"]
[Site "Salou"]
[Date "2020.09.06"]
[Round "2.5"]
[White "Domene Mulyukov, Alexander"]
[Black "Blasco Cardona, Pol"]
[Result "1-0"]
[ECO "B40"]
[WhiteElo "1931"]
[BlackElo "1426"]
[Annotator "ChessBase"]
[PlyCount "65"]
[EventDate "2020.09.07"]
[EventType "swiss"]
[EventCountry "ESP"]
[SourceTitle "playchess.com"]
[Source "ChessBase"]
[SourceQuality "1"]
[TimeControl "5400+30"]

1. e4 e6 2. d3 c5 3. Nf3 Nc6 4. g3 d5 5. Nbd2 g6 6. Bg2 Bg7 7. h4 h5 8. Ng5 Nf6 9. O-O O-O 10. Re1 e5 11. c3 Be6 12. f4 Bg4 13. Qb3 Na5 14. Qa3 exf4 15. e5 Nd7 16. gxf4 Be6 17. Ndf3 b5 18. Nxe6 fxe6 19. Ng5 Qb6 20. Nxe6 Qxe6 21. Qxa5 a6 22. Be3 Rac8 23. c4 dxc4 24. dxc4 bxc4 25. Rad1 Kh7 26. Rd6 Qg4 27. Qd2 Nb8 28. Qc2 Bh6 29. Rf1 Rc6 30. Qe4 Rfc8 31. Rf3 Qxh4 32. Bf2 Qe7 33. Qxg6+ 1-0